 Dungeon Crawl Stone Soup version 0.29.1-4-g47bece8355 (webtiles) character file.

Game seed: 5661350013934766742

186 styxcanada the Covert (level 5, -11/26 HPs)
             Began as a Spriggan Brigand on Dec 3, 2022.
             Mangled by an ice beast (13 damage)
             ... on level 4 of the Dungeon.
             The game lasted 00:11:53 (3216 turns).

styxcanada the Covert (Spriggan Brigand)            Turns: 3216, Time: 00:11:54

Health: -11/26     AC:  3    Str:  4 (7)  XL:     5   Next: 38%
Magic:  6/6        EV: 17    Int: 10 (12) God:
Gold:   134        SH:  0    Dex: 17 (19) Spells: 4/4 levels left

rFire   . . .      SeeInvis +   a - +2 dagger
rCold   . . .      Faith    .   (no shield)
rNeg    . . .      Spirit   .   b - +0 robe
rPois   .          Reflect  .   (helmet restricted)
rElec   .          Harm     .   c - +0 cloak
rCorr   .          Rampage  .   (gloves unavailable)
Will    .....                   (boots unavailable)
Stlth   ++++......              (no amulet)
HPRegen 0.08/turn               (no ring)
MPRegen 0.10/turn               (no ring)

@: very quick
A: very small, no large weapons, unfitting armour, see invisible, speed 3
a: no special abilities


You were on level 4 of the Dungeon.
You visited 1 branch of the dungeon, and saw 4 of its levels.

You collected 134 gold pieces.

Inventory:

Hand Weapons
 a - a +2 dagger (weapon)
 g - a +4 mace
 m - a +0 sling
Missiles
 d - 4 poisoned darts (quivered)
 e - 3 curare-tipped darts
 k - 2 boomerangs
 q - 19 stones
 t - a throwing net
Armour
 b - a +0 robe (worn)
 c - a +0 cloak (worn)
Scrolls
 n - 3 scrolls of teleportation
Potions
 f - a potion of heal wounds {unknown}
 h - 2 potions of lignification {unknown}
 i - a potion of ambrosia {unknown}
 j - a potion of mutation
 l - a potion of brilliance {unknown}
 r - a potion of curing {unknown}
 s - a potion of haste {unknown}


   Skills:
 * Level 1.8 Fighting
 + Level 2.5 Short Blades
 + Level 0.1 Ranged Weapons
 + Level 2.6 Throwing
 * Level 2.7 Dodging
 * Level 9.0 Stealth


You had 4 spell levels left.
You didn't know any spells.
Your spell library was empty.

Dungeon Overview and Level Annotations

Branches:
Dungeon (4/15)
 Temple: D:4-7

Altars:
Makhleb


Innate Abilities, Weirdness & Mutations

You are very small and have problems with some larger weapons.
You are too small for most types of armour.
You have supernaturally acute eyesight. (SInv)
You cover ground extremely quickly. (Speed+++)


Message History

* * * LOW HITPOINT WARNING * * *
Throw: 9 darts (poison)
Press: ? - help, Q - select action, (/) - cycle Shift-Dir - straight line, f - black bear
Aim: a black bear (lightly wounded, 68% to hit)
You throw a poisoned dart. The poisoned dart hits the black bear.
The black bear is poisoned.
The black bear is lightly wounded.
Throw: 8 darts (poison)
Press: ? - help, Q - select action, (/) - cycle Shift-Dir - straight line, f/p - black bear
Aim: a black bear (lightly wounded, poisoned, 68% to hit)
You throw a poisoned dart.
The poisoned dart barely misses the black bear.
Unknown command.
Throw: 7 darts (poison)
Press: ? - help, Q - select action, (/) - cycle Shift-Dir - straight line, f/p - black bear
Aim: a black bear (lightly wounded, poisoned, 68% to hit)
You throw a poisoned dart. The poisoned dart hits the black bear.
The black bear looks even sicker.
The black bear is lightly wounded.
Found 9 gold pieces.
Throw: 6 darts (poison)
Press: ? - help, Q - select action, (/) - cycle Shift-Dir - straight line, f/p - black bear
Aim: a black bear (moderately wounded, very poisoned, 68% to hit)
You throw a poisoned dart.
The poisoned dart barely misses the black bear.
Unknown command.
An ice beast comes into view.
You see here 9 gold pieces.
Throw: 5 darts (poison)
Press: ? - help, Q - select action, (/) - cycle Shift-Dir - straight line, f/p - black bear
Aim: a black bear (severely wounded, poisoned, 68% to hit)
You throw a poisoned dart.
The poisoned dart closely misses the black bear.
Unknown command.
The ice beast misses you.
You hit the ice beast but do no damage. The ice beast hits you.
* * * LOW HITPOINT WARNING * * *
The ice beast freezes you!
Ouch! That really hurt!
You die...

...#(.(.##.#.#.#.#
...#....#.........
...##...+#.##+##.#
#####.(.#..# #..
#...##.+ +.##
+...#..# #..#
#...##.##+##.##
#..(......$...#
#....#.#.#.#@##
#.....#......Y#
#.....#....####
+.....#....#
####+##...## #...#
#....


You could see an ice beast.

Vanquished Creatures
  Terence (D:2)
  Natasha (thrice) (D:2)
  4 adders (D:3)
  3 worms (D:3)
  A dart slug (D:3)
  3 orcs (D:3)
  3 endoplasms
  6 giant cockroaches (D:2)
  2 hobgoblins (D:1)
  2 quokkas
  5 ball pythons
  A frilled lizard (D:1)
  3 goblins
  A kobold (D:2)
  4 rats
42 creatures vanquished.

Notes
Turn   | Place    | Note
-------+----------+-------------------------------------------
     0 | D:1      | styxcanada the Spriggan Brigand began the quest for the
                  | Orb.
     0 | D:1      | Reached XP level 1. HP: 10/10 MP: 2/2
   112 | D:1      | Reached skill level 6 in Stealth
   287 | D:1      | Reached XP level 2. HP: 6/14 MP: 3/3
   535 | D:1      | Found a faded altar of an unknown god.
   735 | D:2      | Noticed Natasha
   946 | D:2      | Killed Natasha
   947 | D:2      | Reached skill level 7 in Stealth
   947 | D:2      | Reached XP level 3. HP: 12/18 MP: 4/4
  1094 | D:2      | Noticed Terence
  1099 | D:2      | Killed Terence
  1103 | D:2      | Reached XP level 4. HP: 22/23 MP: 5/5
  1515 | D:2      | Noticed Natasha
  1530 | D:2      | Killed Natasha
  1530 | D:2      | Noticed Natasha
  1531 | D:2      | Reached skill level 8 in Stealth
  1542 | D:2      | HP: 1/23 [Natasha/magic dart (3)]
  1545 | D:2      | Killed Natasha
  2199 | D:3      | Reached XP level 5. HP: 26/26 MP: 6/6
  2797 | D:3      | Found a burning altar of Makhleb.
  2799 | D:3      | Noticed a balrug
  2895 | D:3      | Reached skill level 9 in Stealth
  3183 | D:4      | Noticed a black bear
  3210 | D:4      | Noticed an ice beast
  3216 | D:4      | Mangled by an ice beast

Illustrated notes

Levels and vault maps discovered:
D:1:      amcnicky_arrival_double_pillar, layout_basic, basic_ecumenical_altar
D:2:      layout_basic, minmay_misc_feat_columns, minmay_worlds_worst_comb,
          uniq_natasha, uniq_terence
D:3:      layout_loops_ring, makhleb_altar_promises_db
D:4:      layout_gridville, mainiacjoe_overflow_six_doors_small,
          minmay_misc_feat_doors, abandoned_shop, hangedman_decor_points,
          hangedman_decor_diamond_cutter

Skill      XL: |  1  2  3  4  5 |
---------------+----------------+-----
Stealth        | 6 7 8 9 |  9.0
Dodging        | 2 |  2.7
Fighting       | |  1.8
Short Blades   | |  2.5
Ranged Weapons | |  0.1
Throwing       | |  2.6

Action                   |  1- 3 |  4- 6 || total
-------------------------+-------+-------++-------
Melee: Dagger            |    24 |    52 ||    76
       Mace              |       |    12 ||    12
       Punch             |       |     4 ||     4
 Fire: Sling             |       |    11 ||    11
Throw: Dart              |     9 |    43 ||    52
  Use: Scroll            |       |     7 ||     7
       Potion            |       |     1 ||     1
 Stab: Sleeping          |    12 |     6 ||    18
Armor: Robe              |       |    11 ||    11
Dodge: Dodged            |    10 |    43 ||    53
